 Dungeon Crawl Stone Soup version 0.28-a0-1389-gc726bef33b (webtiles) character file.

Game seed: 2670394819053460253

621 IndexError the Conjurer (level 7, 51/51 HPs)
             Began as a Gnoll Conjurer on Jan 3, 2022.
             Was a Believer of Dithmenos.
             Quit the game on level 5 of the Dungeon.
             The game lasted 00:06:37 (4086 turns).

IndexError the Conjurer (Gnoll Conjurer)            Turns: 4086, Time: 00:06:38

Health: 51/51      AC:  3    Str:  6    XL:     7   Next: 46%
Magic:  15/15      EV: 13    Int: 19    God:    Dithmenos [**....]
Gold:   221        SH:  0    Dex:  9    Spells: 9/17 levels left

rFire   . . .      SeeInvis .   i - +2 dagger (flame)
rCold   . . .      Faith    .   (no shield)
rNeg    . . .      Spirit   .   a - +0 robe
rPois   .          Reflect  .   e - +0 helmet
rElec   +          Harm     .   (no cloak)
rCorr   .          Rampage  .   d - +0 pair of gloves
Will    .....      Rage     1%  (no boots)
Stlth   +++.......              (no amulet)
HPRegen 0.17/turn               (no ring)
MPRegen 0.14/turn               (no ring)

@: weak-willed, wreathed by umbra
A: fangs 1, strong nose, distributed training, berserk 1, clumsy 1, deformed
body, electricity resistance
a: Renounce Religion, Shadow Step


You were on level 5 of the Dungeon.
You worshipped Dithmenos.
Dithmenos was pleased with you.
You visited 1 branch of the dungeon, and saw 5 of its levels.

You collected 221 gold pieces.

Inventory:

Hand Weapons
 i - a +2 dagger of flaming (weapon)
   (You took it off a kobold on level 2 of the Dungeon)
Armour
 a - a +0 robe (worn)
 d - a +0 pair of gloves (worn)
   (You found it on level 1 of the Dungeon)
 e - a +0 helmet (worn)
   (You found it on level 1 of the Dungeon)
Scrolls
 f - a scroll of teleportation
Potions
 b - a potion of lignification {unknown}
 k - 2 potions of haste
 l - 2 potions of brilliance


   Skills:
 + Level 2.5 Fighting
 + Level 2.5 Short Blades
 + Level 2.5 Long Blades
 + Level 2.5 Axes
 + Level 2.5 Maces & Flails
 + Level 2.5 Polearms
 + Level 2.5 Staves
 + Level 2.5 Slings
 + Level 2.5 Bows
 + Level 2.5 Crossbows
 + Level 2.5 Throwing
 + Level 2.5 Armour
 + Level 5.2 Dodging
 + Level 4.9 Stealth
 + Level 2.5 Shields
 + Level 2.5 Unarmed Combat
 + Level 5.6 Spellcasting
 + Level 7.4 Conjurations
 + Level 2.0 Hexes
 + Level 2.0 Summonings
 + Level 2.0 Necromancy
 + Level 2.0 Translocations
 + Level 2.0 Transmutations
 + Level 2.0 Fire Magic
 + Level 2.0 Ice Magic
 + Level 2.0 Air Magic
 + Level 2.0 Earth Magic
 + Level 2.0 Poison Magic
 + Level 2.8 Invocations
 + Level 2.5 Evocations


You had 9 spell levels left.
You knew the following spells:

 Your Spells              Type           Power      Damage    Failure   Level
a - Magic Dart            Conj           100%       1d8       1%          1
b - Searing Ray           Conj           66%        2d6       1%          2
c - Dazzling Flash        Conj/Hex       46%        N/A       4%          3
d - Blink                 Tloc           26%        N/A       8%          2

Your spell library contained the following spells:

 Spells                   Type           Power      Damage    Failure   Level
 Fulminant Prism          Conj/Hex       11%        3d9       16%         4
 Iskenderun's Mystic Bla  Conj/Tloc      23%        2d6       16%         4
 Manifold Assault         Tloc           13%        N/A       80%         5
 Storm Form               Tmut/Air       6%         N/A       100%        7


Dungeon Overview and Level Annotations

Branches:
Dungeon (5/15)
 Temple: D:4-7

Altars:
Dithmenos
Elyvilon
Qazlal
Uskayaw
Vehumet

Shops:
D:4 (


Innate Abilities, Weirdness & Mutations

You have very sharp teeth.
Your uncanny sense of smell can sniff out nearby items.
Your experience applies equally to all skills.
You tend to lose your temper in combat.
You are clumsy. (Dex -2)
Armour fits poorly on your strangely shaped body.
You are resistant to electric shocks. (rElec)


Message History

The searing ray hits the ice beast.
The searing ray hits the hound.
The ice beast hits you but does no damage.
You now have 11/15 mp.
Casting: Searing Ray (safe; 1% risk of failure)
Confirm with . or Enter, or press ? or * to list all spells.
Restarting spell: Searing Ray (safe; 1% risk of failure)
Press: ? - help, Shift-Dir - straight line, f/p - hound
Aim: a hound (heavily wounded, umbra, 73% to hit)
The searing ray hits the ice beast.
Dithmenos accepts your kill.
The searing ray hits the hound. (Press . to maintain the ray.)
The hound barely misses you.
Your Hexes skill increases to level 2!
Your Summonings skill increases to level 2!
Your Necromancy skill increases to level 2!
Your Translocations skill increases to level 2!
Your Transmutations skill increases to level 2!
Your Fire Magic skill increases to level 2!
Your Ice Magic skill increases to level 2!
Your Air Magic skill increases to level 2!
Your Earth Magic skill increases to level 2!
Your Poison Magic skill increases to level 2!
You now have 9/15 mp.
The searing ray hits the hound!
Dithmenos accepts your kill.
You now have 8/15 mp.
You see here a hound corpse.
l - 2 fuming silvery potions Health restored: 51; MP restored: 15 You now have 171 gold pieces (gained 5).
There is a stone staircase leading down here.
You now have 192 gold pieces (gained 21).
A kobold comes into view. It is wielding a +0 dagger.
A kobold is nearby!
A kobold is nearby!
The helpless kobold fails to defend itself.
You impale the kobold!! You burn the kobold. Dithmenos accepts your kill.
No target in view!
Things that are here:
a +0 dagger; a kobold corpse Done exploring.
Done exploring.
Done exploring.
Done exploring.
There is a stone staircase leading down here.
You climb downwards.
You hear the hiss of flowing sand.
There is an entrance to an ossuary on this level.
Hurry and find it before the portal is buried!
There is a stone staircase leading up here.
As you read the scroll labelled FAHOKEL QASI, it crumbles to dust.
You feel strangely unstable.
It was a scroll of teleportation.
You climb upwards.
There is a stone staircase leading down here.
Your surroundings suddenly seem different.
There is a stone staircase leading down here.
You climb downwards.
You hear the hiss of flowing sand.
There is an entrance to an ossuary on this level.
Hurry and find it before the portal is buried!
There is a stone staircase leading up here.
The helpless hound fails to defend itself.
You impale the hound!! You burn the hound! Dithmenos accepts your kill.
There is a stone staircase leading up here.
As you read the scroll labelled HOUHYIHUMU, it crumbles to dust.
It is a scroll of identify.
c - a potion of mutation
As you read the scroll labelled TALYDE KANOYS, it crumbles to dust.
Magic quickly surges around you.
It was a scroll of vulnerability.
As you read the scroll labelled UPNITY RUNOLEM, it crumbles to dust.
You assume a fearsome visage.
Nothing appears to happen.
It was a scroll of fear.
Blink to where?
Press: ? - help, Dir - move target, f - you Are you sure you want to cancel this blink?
Okay, then.
As you read the scroll labelled VUACIE UNOO, it crumbles to dust.
It was a scroll of blinking.
As you read the scroll of identify, it crumbles to dust.
l - 2 potions of brilliance
As you read the scroll of identify, it crumbles to dust.
k - 2 potions of haste Really quaff
c - a potion of mutation {!q}?
Really quaff the potion of mutation?
You feel extremely strange.
You feel a little pissed off.
Your body twists and deforms.
You feel clumsy.
You feel insulated.
Nothing quivered!
Nothing quivered!
Found 24 stones.
Found a hide-covered altar of Uskayaw.
Found a coppery potion.
Found a stone staircase leading down.
You now have 201 gold pieces (gained 9).
You now have 221 gold pieces (gained 20).
Found a white marble altar of Elyvilon.
Found a stormy altar of Qazlal.
Found a radiant altar of Vehumet.
Found a stone staircase leading down.
There is a stone staircase leading down here.
b - a coppery potion Are you sure you want to abandon this character and quit the game? (Confirm with "yes".)

##.#........
........... #.
..####.........
#..
.......<.......
>#..._
...####........
.#._..
##...##..
...... .###
####.._..8 ##
##.........
##.@>.......
#(........._
#...........
#.........##
#####.........#
....#.........#
#...........#
###........)#
#.........#


There were no monsters in sight!

Vanquished Creatures
  Sigmund (D:3)
  An ice beast (D:4)
  A bullfrog (D:4)
  A water moccasin skeleton (D:4)
  An orc priest (D:3)
  2 hounds
  2 hound skeletons (D:4)
  Robin (D:3)
  4 adders
  An adder skeleton (D:4)
  A worm (D:4)
  3 dart slugs
  7 orcs
  9 endoplasms
  3 giant cockroaches
  11 hobgoblins
  8 jackals
  9 kobolds
  3 quokkas
  8 ball pythons
  4 bats
  3 frilled lizards
  7 goblins
  6 rats
97 creatures vanquished.

Notes
Turn   | Place    | Note
-------+----------+-------------------------------------------
     0 | D:1      | IndexError the Gnoll Conjurer began the quest for the Orb.
     0 | D:1      | Reached XP level 1. HP: 13/13 MP: 6/6
   156 | D:1      | Reached XP level 2. HP: 19/19 MP: 4/7
   399 | D:1      | Reached XP level 3. HP: 25/25 MP: 3/9
   494 | D:1      | Learned a level 2 spell: Searing Ray
   498 | D:1      | Learned a level 3 spell: Dazzling Flash
   525 | D:1      | Reached skill level 5 in Spellcasting
   781 | D:1      | Reached skill level 1 in Invocations
  1196 | D:2      | Reached skill level 1 in Fighting
  1196 | D:2      | Reached skill level 1 in Short Blades
  1196 | D:2      | Reached skill level 1 in Long Blades
  1196 | D:2      | Reached skill level 1 in Axes
  1196 | D:2      | Reached skill level 1 in Maces & Flails
  1196 | D:2      | Reached skill level 1 in Polearms
  1196 | D:2      | Reached skill level 1 in Staves
  1196 | D:2      | Reached skill level 1 in Slings
  1196 | D:2      | Reached skill level 1 in Bows
  1196 | D:2      | Reached skill level 1 in Crossbows
  1196 | D:2      | Reached skill level 1 in Throwing
  1196 | D:2      | Reached skill level 1 in Armour
  1196 | D:2      | Reached skill level 1 in Shields
  1196 | D:2      | Reached skill level 1 in Unarmed Combat
  1196 | D:2      | Reached skill level 1 in Evocations
  1263 | D:2      | Reached XP level 4. HP: 32/32 MP: 9/11
  1274 | D:2      | Found a stormy altar of Qazlal.
  1901 | D:2      | Found a faded altar of an unknown god.
  1911 | D:2      | Prayed at the altar of an unknown god.
  1911 | D:2      | Became a worshipper of Dithmenos the Shadowed
  1911 | D:2      | Reached * piety under Dithmenos
  1959 | D:3      | Noticed Sigmund
  2163 | D:3      | Reached skill level 1 in Hexes
  2163 | D:3      | Reached skill level 1 in Summonings
  2163 | D:3      | Reached skill level 1 in Necromancy
  2163 | D:3      | Reached skill level 1 in Translocations
  2163 | D:3      | Reached skill level 1 in Transmutations
  2163 | D:3      | Reached skill level 1 in Fire Magic
  2163 | D:3      | Reached skill level 1 in Ice Magic
  2163 | D:3      | Reached skill level 1 in Air Magic
  2163 | D:3      | Reached skill level 1 in Earth Magic
  2163 | D:3      | Reached skill level 1 in Poison Magic
  2336 | D:3      | HP: 4/32 [orc priest/divine providence (10)]
  2338 | D:3      | HP: 1/32 [orc priest/nerve-wracking pain (3)]
  2341 | D:3      | Reached XP level 5. HP: 2/37 MP: 2/12
  2660 | D:3      | Killed Sigmund
  2661 | D:3      | Reached skill level 2 in Invocations
  2661 | D:3      | Reached XP level 6. HP: 35/44 MP: 2/14
  2884 | D:3      | Noticed Robin
  2892 | D:3      | Killed Robin
  2893 | D:3      | Reached skill level 5 in Dodging
  3182 | D:4      | Reached skill level 2 in Fighting
  3182 | D:4      | Reached skill level 2 in Short Blades
  3182 | D:4      | Reached skill level 2 in Long Blades
  3182 | D:4      | Reached skill level 2 in Axes
  3182 | D:4      | Reached skill level 2 in Maces & Flails
  3182 | D:4      | Reached skill level 2 in Polearms
  3182 | D:4      | Reached skill level 2 in Staves
  3182 | D:4      | Reached skill level 2 in Slings
  3182 | D:4      | Reached skill level 2 in Bows
  3182 | D:4      | Reached skill level 2 in Crossbows
  3182 | D:4      | Reached skill level 2 in Throwing
  3182 | D:4      | Reached skill level 2 in Armour
  3182 | D:4      | Reached skill level 2 in Shields
  3182 | D:4      | Reached skill level 2 in Unarmed Combat
  3182 | D:4      | Reached skill level 2 in Evocations
  3341 | D:4      | Found Ixilae Yzug's Antique Weapon Boutique.
  3515 | D:4      | Learned a level 2 spell: Blink
  3538 | D:4      | Reached XP level 7. HP: 50/50 MP: 15/15
  3555 | D:4      | Reached ** piety under Dithmenos
  3852 | D:4      | Reached skill level 2 in Hexes
  3852 | D:4      | Reached skill level 2 in Summonings
  3852 | D:4      | Reached skill level 2 in Necromancy
  3852 | D:4      | Reached skill level 2 in Translocations
  3852 | D:4      | Reached skill level 2 in Transmutations
  3852 | D:4      | Reached skill level 2 in Fire Magic
  3852 | D:4      | Reached skill level 2 in Ice Magic
  3852 | D:4      | Reached skill level 2 in Air Magic
  3852 | D:4      | Reached skill level 2 in Earth Magic
  3852 | D:4      | Reached skill level 2 in Poison Magic
  4039 | D:5      | Entered Level 5 of the Dungeon
  4066 | D:5      | Gained mutation: You tend to lose your temper in combat.
                  | [potion of mutation]
  4066 | D:5      | Gained mutation: Armour fits poorly on your strangely
                  | shaped body. [potion of mutation]
  4066 | D:5      | Gained mutation: You are clumsy. (Dex -2) [potion of
                  | mutation]
  4066 | D:5      | Gained mutation: You are resistant to electric shocks.
                  | (rElec) [potion of mutation]
  4069 | D:5      | Found a hide-covered altar of Uskayaw.
  4076 | D:5      | Found a white marble altar of Elyvilon.
  4078 | D:5      | Found a stormy altar of Qazlal.
  4079 | D:5      | Found a radiant altar of Vehumet.
  4086 | D:5      | Quit the game

Illustrated notes

Levels and vault maps discovered:
D:1:      sevenhm_arrival_forest_fort_small_6, layout_rooms
D:2:      layout_loops_ring, basic_altar,
          dreamdust_ecumenical_altar_hidden_monk_grotto, hex_large
D:3:      layout_basic, uniq_robin, uniq_sigmund
D:4:      layout_basic, serial_shops, shop_statue, minmay_checkerbox
D:5:      layout_rooms, makhleb_grotto_becter, grunt_temple_overflow_open,
          nicolae_ossuary_entry_giza, uniq_duvessa

Skill      XL: |  1  2  3  4  5  6  7 |
---------------+----------------------+-----
Spellcasting   | 5 |  5.6
Invocations    | 1 2 |  2.8
Fighting       | 1 2 |  2.5
Short Blades   | 1 2 |  2.5
Long Blades    | 1 2 |  2.5
Axes           | 1 2 |  2.5
Maces & Flails | 1 2 |  2.5
Polearms       | 1 2 |  2.5
Staves         | 1 2 |  2.5
Slings         | 1 2 |  2.5
Bows           | 1 2 |  2.5
Crossbows      | 1 2 |  2.5
Throwing       | 1 2 |  2.5
Armour         | 1 2 |  2.5
Shields        | 1 2 |  2.5
Unarmed Combat | 1 2 |  2.5
Evocations     | 1 2 |  2.5
Hexes          | 1 2 |  2.0
Summonings     | 1 2 |  2.0
Necromancy     | 1 2 |  2.0
Translocations | 1 2 |  2.0
Transmutations | 1 2 |  2.0
Fire Magic     | 1 2 |  2.0
Ice Magic      | 1 2 |  2.0
Air Magic      | 1 2 |  2.0
Earth Magic    | 1 2 |  2.0
Poison Magic   | 1 2 |  2.0
Dodging        | 5 |  5.2
Stealth        | |  4.9
Conjurations   | |  7.4

Action                   |  1- 3 |  4- 6 |  7- 9 || total
-------------------------+-------+-------+-------++-------
Melee: Short sword       |     6 |       |       ||     6
       Dagger            |       |    90 |    23 ||   113
       Bite              |       |     2 |     4 ||     6
 Cast: Magic Dart        |    64 |    24 |       ||    88
       Searing Ray       |     2 |     9 |     2 ||    13
  Use: Scroll            |       |       |     7 ||     7
       Potion            |       |       |     1 ||     1
 Stab: Sleeping          |       |     9 |     3 ||    12
Armor: Robe              |     3 |    19 |     4 ||    26
Dodge: Dodged            |     7 |    67 |    19 ||    93

Table legend: (Time is in decaauts)
 A = Elapsed time spent in this place.
 B = Non-inter-level travel time spent in this place.
 C = Inter-level travel time spent in this place.
 D = Time resting spent in this place.
 E = Time spent auto-exploring this place.
 F = Levels seen in this place.
 G = Mean time per level.
                   A        B        C        D        E       F      G
               +--------+--------+--------+--------+--------+-----+--------+
         Total |   4082 |   3793 |    289 |    277 |   2929 |   5 |  816.4 |
       Dungeon |   4082 |   3793 |    289 |    277 |   2929 |   5 |  816.4 |
               +--------+--------+--------+--------+--------+-----+--------+

Top non-repeatable levels by time:
     D:2: 1173 daAuts
     D:3: 1047 daAuts
     D:1: 954 daAuts
     D:4: 873 daAuts
     D:5: 33 daAuts

Table legend:
 A = Kills in this place as a percentage of kills in entire the game.
 B = Kills by you in this place as a percentage of kills by you in the entire game.
 C = Kills by friends in this place as a percentage of kills by friends in the entire game.
 D = Other kills in this place as a percentage of other kills in the entire game.
 E = Experience gained in this place as a percentage of experience gained in the entire game.
 F = Experience gained in this place divided by the number of levels of this place that you have seen.
                   A       B       C       D       E      F
               +-------+-------+-------+-------+-------+----------------------
         Total | 100.0 | 100.0 |   N/A |   N/A | 100.0 | 177.6
       Dungeon | 100.0 | 100.0 |   N/A |   N/A | 100.0 | 177.6
               +-------+-------+-------+-------+-------+----------------------
